 Dungeon Crawl Stone Soup version 0.30-b1-2-g02819fbbbe (webtiles) character file.

Game seed: 5139087016417955728

32 Flugkiller the Shooter (level 3, -2/22 HPs)
             Began as a Tengu Hexslinger on May 18, 2023.
             Slain by a gnoll
             ... wielding a +0 spear
              (4 damage)
             ... on level 2 of the Dungeon.
             The game lasted 00:01:47 (1239 turns).

Flugkiller the Shooter (Tengu Hexslinger)           Turns: 1239, Time: 00:01:48

Health: -2/22      AC:  2    Str: 10    XL:     3   Next: 27%
Magic:  4/5        EV: 12    Int: 13    God:
Gold:   51         SH:  0    Dex: 16    Spells: 3/4 levels left

rFire   . . .        a - +1 sling
rCold   . . .        (no shield)
rNeg    . . .        c - +0 robe
rPois   .            (helmet restricted)
rElec   .            (no cloak)
rCorr   .            (no gloves)
SInv    .            (boots unavailable)
Will    .....        (no amulet)
Stlth   +            (no ring)
HPRegen 0.23/turn    (no ring)
MPRegen 0.09/turn

%: no passive effects
@: no status effects
A: beak, talons 3
a: no special abilities


You were on level 2 of the Dungeon.
You visited 1 branch of the dungeon, and saw 2 of its levels.

You collected 51 gold pieces.

Inventory:

Hand Weapons
 a - a +1 sling (weapon)
Armour
 c - a +0 robe (worn)
Scrolls
 b - a scroll of poison
 d - a scroll of noise {unknown}
 f - 2 scrolls of identify {unknown}
 i - 2 scrolls of teleportation {unknown}
Potions
 e - a potion of heal wounds {unknown}
 g - a potion of mutation {unknown}
 h - a potion of cancellation {unknown}


   Skills:
 + Level 2.5 Fighting
 - Level 3.0 Ranged Weapons
 - Level 2.1 Dodging
 - Level 1.0 Spellcasting
 - Level 2.1 Hexes


You had 3 spell levels left.
You knew the following spells:

 Your Spells              Type           Power      Damage    Failure   Level
a - Slow                  Hex            24%        N/A       12%         1

Your spell library contained the following spells:

 Spells                   Type           Power      Damage    Failure   Level
 Inner Flame              Hex/Fire       3%         N/A       47%         3
 Portal Projectile        Hex/Tloc       6%         N/A       47%         3
 Cause Fear               Hex            3%         N/A       75%         4


Dungeon Overview and Level Annotations

Branches:
Dungeon (2/15) Zot: 10742

Altars:


Innate Abilities, Weirdness & Mutations

You have a beak for a mouth.
You have claws for feet.


Message History

A ball python comes into view.
You shoot a sling bullet. The ball python hisses angrily.
The sling bullet hits the hobgoblin but does no damage.
You shoot a sling bullet.
The sling bullet barely misses the hobgoblin.
You shoot a sling bullet.
The sling bullet barely misses the hobgoblin.
You shoot a sling bullet. The sling bullet hits the hobgoblin.
The hobgoblin is moderately wounded.
The hobgoblin closely misses you. The hobgoblin barely misses you.
The hobgoblin attacks as you move away! The hobgoblin hits you.
The ball python attacks as you move away!
The ball python bites you.
The ball python attacks as you move away!
The ball python closely misses you. The ball python barely misses you.
The ball python bites you but does no damage.
The ball python grabs you. The ball python constricts you.
You shoot a sling bullet.
The sling bullet closely misses the ball python.
The sling bullet hits the hobgoblin!
You kill the hobgoblin!
The ball python closely misses you. The ball python constricts you.
You shoot a sling bullet.
The sling bullet closely misses the ball python.
The ball python barely misses you. The ball python constricts you.
The ball python completely misses you. The ball python constricts you.
You shoot a sling bullet. The sling bullet hits the ball python!
You kill the ball python!
No target in view!
You see here a ball python corpse.
You see here a hobgoblin corpse.
You now have 51 gold pieces (gained 9).
You start resting.
HP restored.
You open the door.
A gnoll and 2 jackals come into view.
There are monsters nearby!
The jackal barks!
The gnoll shouts!
The gnoll hits the bush but does no damage.
Casting: Slow (safe; 12% risk of failure)
Confirm with . or Enter, or press ? or * to list all spells.
Aiming: Slow (safe; 12% risk of failure)
Press: ? - help, Shift-Dir - straight line, f - jackal
Aim: a jackal (chance to affect: 57%)
The jackal seems to slow down.
The jackal bites you.
You see here a hobgoblin corpse.
You see here a ball python corpse.
You shoot a sling bullet.
The sling bullet closely misses the jackal.
The sling bullet hits the gnoll but does no damage.
You shoot a sling bullet.
The sling bullet barely misses the jackal.
The sling bullet hits the gnoll.
The gnoll is moderately wounded.
The jackal is no longer moving slowly.
The jackal closely misses you.
You shoot a sling bullet.
The sling bullet barely misses the jackal.
The sling bullet barely misses the gnoll.
The jackal misses you. The jackal bites you.
You shoot a sling bullet.
The sling bullet hits the jackal but does no damage.
The jackal bites you. The jackal misses you.
You shoot a sling bullet. The sling bullet hits the jackal.
The jackal is severely wounded.
The jackal barely misses you. The gnoll completely misses you.
You shoot a sling bullet.
The sling bullet closely misses the jackal.
The sling bullet hits the gnoll but does no damage.
The gnoll is moderately wounded.
The jackal bites you. The gnoll closely misses you.
The jackal completely misses you.
You shoot a sling bullet.
The sling bullet barely misses the jackal.
The sling bullet hits the gnoll but does no damage.
The gnoll is moderately wounded.
The jackal bites you. The gnoll completely misses you.
The jackal bites you but does no damage.
You shoot a sling bullet.
The sling bullet closely misses the jackal.
The sling bullet hits the gnoll.
The gnoll is severely wounded.
The gnoll hits you from afar with a +0 spear!
The jackal bites you but does no damage.
The gnoll hits you from afar with a +0 spear!
* * * LOW HITPOINT WARNING * * *
The jackal misses you.
Okay, then.
Okay, then.
Casting: Slow (safe; 12% risk of failure)
Confirm with . or Enter, or press ? or * to list all spells.
Aiming: Slow (safe; 12% risk of failure)
Press: ? - help, Shift-Dir - straight line, f/p - jackal
Aim: a jackal (severely wounded, chance to affect: 57%)
The jackal seems to slow down.
The jackal bites you.
* * * LOW HITPOINT WARNING * * *
The gnoll hits you from afar with a +0 spear.
You die...

#####.#.#####
##.#.#
#.####..†.#
#)........#
#.####...##
##†## #g#
#h#### #.@..#
####.#
###.####
#......# #
#.#.##.###.##
#.#...).....#
#
####<...#...
###....#
.#.##


You could see a gnoll and a jackal (slow).

Vanquished Creatures
  4 endoplasms (D:1)
  4 goblins (D:1)
  4 hobgoblins
  2 quokkas (D:1)
  6 ball pythons
  3 bats (D:1)
  A frilled lizard (D:1)
  2 kobolds
  3 rats
29 creatures vanquished.

Notes
Turn   | Place    | Note
-------+----------+-------------------------------------------
     0 | D:1      | Flugkiller the Tengu Hexslinger began the quest for the
                  | Orb.
     0 | D:1      | Reached XP level 1. HP: 12/12 MP: 3/3
   250 | D:1      | Reached XP level 2. HP: 16/16 MP: 4/4
   687 | D:1      | Reached skill level 3 in Ranged Weapons
   759 | D:1      | Reached XP level 3. HP: 21/21 MP: 5/5
  1025 | D:1      | Found a faded altar of an unknown god.
  1239 | D:2      | Slain by a gnoll

Illustrated notes

Levels and vault maps discovered:
D:1:      zelgadis_glass_arrival_small, layout_basic,
          shapermc_ecumenical_altar_petra, minmay_split_cup_small
D:2:      layout_loops_ring, minmay_misc_feat_columns, serial_bayou_pond_b,
          minmay_tree_intersection, grunt_ministairs_2, cheibrodos_gnoll_hut,
          uniq_jessica

Skill      XL: |  1  2 |
---------------+-------+-----
Fighting       | 2 |  2.5
Ranged Weapons | 3 |  3.0
Dodging        | |  2.1
Spellcasting   | |  1.0
Hexes          | |  2.1

Action                     || total
---------------------------++-------
   Fire: Sling             ||    68
   Cast: Slow              ||     5
 Armour: Robe              ||     6
  Dodge: Dodged            ||    22
